 Dungeon Sprint DCSS version 0.30-a0-939-gc8157cb160 (webtiles) character file.

Game seed: 5948063106863000189

800000 fozzywoppz the Ruinous (level 11, -19/61 HPs)
             Began as an Octopode Conjurer on Mar 25, 2023.
             Demolished by a bag of meat
             ... wielding a +9 war axe
              (38 damage)
             ... in the Dungeon (Sprint VIII: "Arena of Blood").
             The game lasted 00:00:38 (8 turns).

fozzywoppz the Ruinous (Octopode Conjurer)             Turns: 8, Time: 00:00:39

Health: -19/61     AC:  1    Str:  9    XL:     11   Next: 5%
Magic:  3/22       EV: 15    Int: 23    God:
Gold:   0          SH:  0    Dex: 10    Spells: 24/25 levels left

rFire   . . .      SeeInvis .    g - +∞ Axe of Woe
rCold   . . .      Faith    .    (shield currently unavailable)
rNeg    . . .      Spirit   .    (helmet restricted)
rPois   .          Reflect  .    (no amulet)
rElec   .          Rampage  .    (no ring)
rCorr   .          NoTele   +    (no ring)
Will    .....                    (no ring)
Stlth   +++++                    (no ring)
HPRegen 0.30/turn                (no ring)
MPRegen 0.18/turn                (no ring)
                                 (no ring)
                                 (no ring)

@: no status effects
A: almost no armour, amphibious, 8 rings, camouflage 1, gelatinous body 1,
(nimble swimmer 1), tentacles
a: no special abilities


You were in the Dungeon.
You visited 1 branch

Inventory:

Hand Weapons
 g - the +∞ Axe of Woe (weapon)
   (You found it in the Dungeon)
Scrolls
 f - a scroll of blinking
Potions
 a - 3 potions of magic
 b - a potion of curing
 c - a potion of heal wounds
 d - a potion of haste
 e - a potion of berserk rage


   Skills:
 + Level 4.3 Axes
 + Level 7.8 Dodging
 + Level 9.7 Stealth
 + Level 7.6 Spellcasting
 + Level 22.0 Conjurations


You had 24 spell levels left.
You knew the following spells:

 Your Spells              Type           Power      Damage    Failure   Level
a - Magic Dart            Conj           100%       1d8       0%          1

Your spell library contained the following spells:

 Spells                   Type           Power      Damage    Failure   Level
 Searing Ray              Conj           100%       2d8       0%          2
 Dazzling Flash           Conj/Hex       100%       N/A       1%          3
 Fulminant Prism          Conj/Hex       28%        3d13      1%          4
 Iskenderun's Mystic Bla  Conj/Tloc      56%        2d12      1%          4


Dungeon Overview and Level Annotations

Branches:
Dungeon (1/1)

Altars:
Makhleb


Innate Abilities, Weirdness & Mutations

You cannot wear most types of armour.
You are amphibious.
You can wear up to eight rings at the same time.
Your skin changes colour to match your surroundings (Stealth+).
Your rubbery body absorbs attacks. (AC +1, EV +1)
((You are camouflaged when in or above water. (Stealth+)))
You have tentacles for arms and can constrict up to eight enemies at once.


Message History

Your Dodging skill gained 5 levels and is now at level 7!
Your Stealth skill gained 7 levels and is now at level 9!
Your Spellcasting skill gained 5 levels and is now at level 7!
Your Conjurations skill gained 18 levels and is now at level 22!
You have reached level 2!
You have reached level 3!
Your experience leads to an increase in your attributes!
Increase (S)trength, (I)ntelligence, or (D)exterity?
You feel clever. x2
You have reached level 4!
You have reached level 5!
You feel clever.
You have reached level 6!
You have reached level 7!
You have reached level 8!
You have reached level 9!
Your experience leads to an increase in your attributes!
Increase (S)trength, (I)ntelligence, or (D)exterity?
You feel stronger. x2
You have reached level 10!
You feel stronger.
You have reached level 11!
You hear a shout! x11
You slash the bag of meat!
You pulverise the bag of meat into a thin bloody mist.
You kill the bag of meat!
The meat berserker appears out of thin air!
A meat berserker comes into view. It is wielding a +9 battleaxe.
The meat berserker appears out of thin air!
A meat berserker comes into view. It is wielding a +9 battleaxe.
The meat berserker appears out of thin air!
A meat berserker comes into view. It is wielding a +9 battleaxe.
The meat berserker shouts!
You hear a shout! x8
A meat berserker comes into view. It is wielding a +9 battleaxe.
You hear a shout!
The bag of meat hits you with a +9 war axe!!!
Ouch! That really hurt!
The bag of meat hits you with a +9 war axe!!!
Ouch! That really hurt!
You die...

.... .O ... #.
..# #.. ..# .
.###.. ..###..
......###.......
......_o...O...
#..o..# #_o@._#
#oO)..#
o...._.....
......###....O.
.###.. .O###.
#.. ..# #. ..#
.. ..


You could see 5 meat berserkers and 5 bags of meat.

Vanquished Creatures
  2 orcs (D)
2 creatures vanquished.

Notes
Turn   | Place    | Note
-------+----------+-------------------------------------------
     0 | D        | Found the +∞ Axe of Woe
     0 | D        | fozzywoppz the Octopode Conjurer began the quest for the
                  | Orb.
     0 | D        | Reached XP level 1. HP: 11/11 MP: 3/3
     2 | D        | Noticed a bag of meat
     3 | D        | Noticed a bag of meat
     3 | D        | Noticed a bag of meat
     3 | D        | Noticed a bag of meat
     5 | D        | Noticed a bag of meat
     5 | D        | Noticed a bag of meat
     6 | D        | Killed a bag of meat
     6 | D        | Noticed a meat berserker
     6 | D        | Noticed a bag of meat
     7 | D        | Reached skill level 22 in Conjurations
     7 | D        | Reached XP level 2. HP: 17/17 MP: 3/10
     7 | D        | Reached XP level 3. HP: 21/21 MP: 3/12
     7 | D        | Reached XP level 4. HP: 27/27 MP: 3/13
     7 | D        | Reached XP level 5. HP: 31/31 MP: 3/15
     7 | D        | Reached XP level 6. HP: 36/36 MP: 3/16
     7 | D        | Reached XP level 7. HP: 41/41 MP: 3/18
     7 | D        | Reached XP level 8. HP: 46/46 MP: 3/19
     7 | D        | Reached XP level 9. HP: 51/51 MP: 3/20
     7 | D        | Reached XP level 10. HP: 56/56 MP: 3/21
     7 | D        | Reached XP level 11. HP: 61/61 MP: 3/22
     8 | D        | Killed a bag of meat
     8 | D        | Noticed a meat berserker
     8 | D        | Noticed a meat berserker
     8 | D        | Demolished by a bag of meat

Illustrated notes

Levels and vault maps discovered:
D:        meatsprint

Skill      XL: |  1 |
---------------+----+-----
Axes           | 4 |  4.3
Dodging        | 7 |  7.8
Stealth        | 9 |  9.7
Spellcasting   | 7 |  7.6
Conjurations   | 22 | 22.0

Action                     |  1- 3 |  4- 6 |  7- 9 | 10-12 || total
---------------------------+-------+-------+-------+-------++-------
  Melee: Executioner's axe |     1 |       |       |     1 ||     2

Table legend: (Time is in decaauts)
 A = Elapsed time spent in this place.
 B = Non-inter-level travel time spent in this place.
 C = Inter-level travel time spent in this place.
 D = Time resting spent in this place.
 E = Time spent auto-exploring this place.
 F = Levels seen in this place.
 G = Mean time per level.
                   A        B        C        D        E       F      G
               +--------+--------+--------+--------+--------+-----+--------+
         Total |      8 |      8 |      0 |      0 |      0 |   1 |    8.0 |
       Dungeon |      8 |      8 |      0 |      0 |      0 |   1 |    8.0 |
               +--------+--------+--------+--------+--------+-----+--------+

Top non-repeatable levels by time:
       D: 8 daAuts
